Description

Zest's 2 gate blink

Replay - OGZest v TYTY: Game 4 - Acropolis LE

Build Order

Get SALT Encoding   

  12  0:00  Probe  
  13  0:12  Probe  
  14  0:18  Pylon  
  14  0:24  Probe  
  15  0:33  Probe  
  15  0:39  Gateway  
  15  0:41  Probe  
  16  0:46  Assimilator  
  17  0:51  Probe  
  18  1:03  Probe  
  19  1:15  Probe  
  20  1:27  Cybernetics Core  
  20  1:33  Nexus  
  20  1:35  Probe  
  21  1:43  Pylon  
  21  1:47  Probe  
  21  1:51  Assimilator  
  21  1:53  Adept  
  23  2:04  Warp Gate  
  25  2:24  Sentry  
  30  2:50  Stalker  
  34  2:59  Twilight Council, Phoenix  
  34  3:00  Gateway  
  36  3:07  Blink  
  37  3:18  Pylon  
  41  3:34  Shield Battery  
  41  3:36  Assimilator  
  43  3:43  Robotics Facility  
  45  3:56  Stalker x2  
  51  4:13  Nexus  
  51  4:17  Pylon  
  51  4:29  Stalker  
  53  4:35  Observer  
  53  4:37  Stalker  
  58  4:41  Pylon  
  59  4:55  Phoenix  
  58  5:06  Forge x2  
  51  5:07  Stalker x2  
  60  5:31  Stalker x2  
  60  5:33  Protoss Ground Weapons Level 1  
  64  5:40  Protoss Ground Armor Level 1  
  71  6:00  Observer  
  71  6:02  Nexus  
  76  6:15  Charge, Gateway x3  
  83  6:25  Immortal  
  83  6:40  Gateway x3  
  83  6:47  Gateway  
  83  6:58  Zealot  
  85  7:06  Immortal  
  87  7:09  Stalker  
  94  7:30  Protoss Ground Weapons Level 2, Protoss Ground Armor Level 2  
  92  7:42  Immortal  
  96  7:45  Zealot x9  
  138  8:32  Assimilator x2  
  140  8:53  Assimilator x2  
  156  9:09  Assimilator  
  154  9:13  Robotics Facility  
  154  9:14  Robotics Bay  
  154  9:22  Immortal  
  148  9:30  Photon Cannon  
  152  9:37  Robotics Facility  
  156  9:55  Disruptor x2  
Spawning Tool Build Advisor. Get it on Overwolf

Go to:

Details

  • Created by: joeypow
  • Published on: Jul 19, 2019
  • Modified on: Jul 19, 2019
  • Patch: 4.7.1
Show
View Real Time Build Order
Export as new Build Order

Comments (0)

There are no comments. Be the first!

Create an account to comment!